 Dungeon Crawl Stone Soup version 0.32-a0-643-ga006e7742e (webtiles) character file.

Game seed: 17658173778067781576

1814 Malificent the Twirler (level 8, -5/93 HPs)
             Began as a Mountain Dwarf Artificer on Mar 7, 2024.
             Was an Elder of Qazlal.
             Slain by a vampire (8 damage)
             ... on level 6 of the Dungeon.
             The game lasted 00:33:14 (5862 turns).

Malificent the Twirler (Mountain Dwarf Artificer)   Turns: 5862, Time: 00:33:15

Health: -5/93      AC: 24    Str: 25    XL:     8   Next: 84%
Magic:  11/11      EV:  2    Int: 14    God:    Qazlal [****..]
Gold:   193        SH:  5    Dex: 14    Spells: 9/11 levels left

rFire   + . .        h - staff of fire
rCold   . . .        (no shield)
rNeg    . . .        j - melded +0 chain mail
rPois   +            (helmet currently unavailable)
rElec   .            (cloak currently unavailable)
rCorr   .            (gloves currently unavailable)
SInv    .            p - melded +0 pair of boots
Will    .....        (no amulet)
Stlth   +            i - +6 ring of strength
HPRegen 0.35/turn    n - +6 ring of strength
MPRegen 0.12/turn

%: repel missiles
@: mighty, tree-form, hasted, very quick
A: stationary, stasis, torment immunity, boosted hp, runic magic, artefact
enchanting, (horns 1), (iridescent scales 1), agile 1
a: Renounce Religion, Upheaval, Elemental Force


You were on level 6 of the Dungeon.
You worshipped Qazlal.
Qazlal was greatly pleased with you.
You were a tree.
You visited 1 branch of the dungeon, and saw 6 of its levels.
You also visited: Sewer.

You collected 290 gold pieces.
You spent 97 gold pieces at shops.

Inventory:

Hand Weapons
 a - a +0 club
 g - a +0 flail
 m - a +0 quarterstaff
 C - a +2 trident of draining
Missiles
 t - 2 throwing nets
Armour
 b - a +0 leather armour
 j - a +0 chain mail (melded)
 p - a +0 pair of boots (melded)
 D - an orb of energy
Magical Staves
 h - a staff of fire (weapon)
 q - a staff of earth
Jewellery
 i - a +6 ring of strength (left branch)
 n - a +6 ring of strength (right branch)
 x - the ring of Sif Muna's Whim {rPois Will- Str+3 Dex+2 SInv}
   (You found it on level 3 of the Dungeon)

   [ring of see invisible]

   Str+3:     It affects your strength (+3).
   Dex+2:     It affects your dexterity (+2).
   rPois:     It protects you from poison.
   Will-:     It decreases your willpower.
   SInv:      It lets you see invisible.
 y - the ring of the Quahog {rN++ Dex+6}
   (You found it on level 5 of the Dungeon)

   [ring of dexterity]

   Dex+6:     It affects your dexterity (+6).
   rN++:      It greatly protects you from negative energy.
Wands
 c - a wand of flame (1) (quivered)
 d - a wand of charming (8)
 s - a wand of paralysis (4)
Scrolls
 k - a scroll of blinking
 l - a scroll of identify
 u - a scroll of teleportation
 v - a scroll of poison
 B - a scroll of revelation
Potions
 r - 2 potions of brilliance
 w - a potion of haste
 z - 2 potions of attraction


   Skills:
 + Level 2.8 Fighting
 - Level 3.2(5.1) Maces & Flails
 * Level 5.6(6.0) Staves
 + Level 5.0 Armour
 + Level 1.7 Dodging
 - Level 0.6 Stealth
 + Level 1.6 Shields
 * Level 2.3 Spellcasting
 * Level 2.1 Summonings
 * Level 3.3 Fire Magic
 * Level 2.7 Earth Magic
 * Level 4.2 Invocations
 * Level 5.3 Evocations


You had 9 spell levels left.
You knew the following spells:

 Your Spells              Type           Power      Damage    Failure   Level
a - Call Imp              Summ           14%        N/A       14%         2

Your spell library contained the following spells:

 Spells                   Type           Power      Damage    Failure   Level
 Kiss of Death            Conj/Necr      4%         2d5       24%         1
 Blink                    Tloc           2%         N/A       34%         2
 Lesser Beckoning         Tloc           2%         N/A       34%         2
 Momentum Strike          Conj/Tloc      2%         3d8       34%         2
 Sublimation of Blood     Necr           1%         N/A       34%         2
 Confusing Touch          Hex            1%         N/A       56%         3
 Dispel Undead            Necr           1%         3d6       93%         4
 Summon Hydra             Summ           3%         N/A       100%        7


Dungeon Overview and Level Annotations

Branches:
Dungeon (6/15)              Sewer (visited)
 Temple: D:4-7

Altars:
Ashenzari
Kikubaaqudgha
Makhleb
Qazlal
Uskayaw
Vehumet
Wu Jian

Shops:
D:1 [[:   D:4 ?   D:5 (


Innate Abilities, Weirdness & Mutations

You are a tree.
Your roots penetrate the ground, keeping you stationary.
You cannot be teleported.
You are immune to unholy pain and torment.
Your maximum health is greatly increased.
Your equipment is partially melded.
Your spellcasting is much less encumbered by armour.
You can use scrolls of enchantment on lesser artefacts.
((You have a pair of small horns on your head.))
((You are partially covered in iridescent scales. (AC +2)))
You are agile. (Dex +4, Str/Int -1)


Message History

You struggle to resist.
You cannot move. (Use ctrl+direction or * direction to attack while stationary and confused.)
Okay, then.
You remove the ring of Sif Muna's Whim {rPois Will- Str+3 Dex+2 SInv}.
You feel less confused.
You cannot move.
Okay, then.
You feel stronger.
n - a +6 ring of strength (right branch)
You cannot move.
You cannot move.
You cannot move.
You cannot move.
Deactivating autopickup; reactivate with Ctrl-A.
You miss something. Something hits you.
* * * LOW HITPOINT WARNING * * *
You block something's attack.
You miss something. You hit something! Something hits you but does no damage.
Something bites you but does no damage.
You miss something. Something hits you but does no damage. Something bites you.
* * * LOW HITPOINT WARNING * * *
Something draws strength from your injuries!
You closely miss something. You hit something but do no damage.
Something hits you but does no damage. Something bites you.
* * * LOW HITPOINT WARNING * * *
Something draws strength from your injuries!
You hit something but do no damage. You hit something.
Reactivating autopickup.
A vampire appears from thin air!
The vampire hits you.
* * * LOW HITPOINT WARNING * * *
The vampire bites you.
* * * LOW HITPOINT WARNING * * *
The vampire draws strength from your injuries!
Okay, then.
Okay, then.
The vampire hits you!
You die...

##### #...# #...# ####### #...#
......# #...# ......# #...#
......###############...#######
................♣V...[.........
####..#################...#####
##..## ..#V.# ##..######
..#....# ........... #.# .....#
.########## .. ......# .# #.#
....... ## #. ....... ......


You could see a vampire.

Vanquished Creatures
  Jeremiah (D:6)
  A troll (D:6)
  Grinder (D:6)
  Sigmund (D:6)
  A water moccasin (D:6)
  An ogre (D:4)
  A phantom (D:6)
  A kobold brigand (D:4)
  2 bullfrogs (Sewer)
  A crimson imp (D:5)
  2 hounds (D:6)
  A gnoll bouda (D:5)
  A jelly (D:2)
  Jessica (D:2)
  3 gnolls (D:5)
  13 adders
  A white imp (D:6)
  10 dart slugs
  A ribbon worm (D:2)
  5 orcs
  13 endoplasms
  14 giant cockroaches
  6 goblins
  7 hobgoblins
  10 jackals
  12 kobolds
  3 quokkas
  16 ball pythons
  8 bats
  10 frilled lizards
  2 rats (D:2)
150 creatures vanquished.

Vanquished Creatures (collateral kills)
  A gnoll (D:5)
  A dart slug (Sewer)
  2 giant cockroaches (Sewer)
4 creatures vanquished.

Vanquished Creatures (others)
  A howler monkey (D:6)
  A jackal (D:4)
2 creatures vanquished.

Grand Total: 156 creatures vanquished

Notes
Turn   | Place    | Note
-------+----------+-------------------------------------------
     0 | D:1      | Malificent the Mountain Dwarf Artificer began the quest for
                  | the Orb.
     0 | D:1      | Reached XP level 1. HP: 16/16 MP: 1/1
   125 | D:1      | Reached skill level 1 in Maces & Flails
   164 | D:1      | Reached XP level 2. HP: 23/23 MP: 2/2
   181 | D:1      | Found a faded altar of an unknown god.
   189 | D:1      | Prayed at the altar of an unknown god.
   189 | D:1      | Became a worshipper of Qazlal Stormbringer
   189 | D:1      | Reached * piety under Qazlal
   495 | D:1      | Found Xyoguig's Armour Shoppe.
   561 | D:1      | Found Beawk's Book Emporium.
   998 | D:1      | Reached XP level 3. HP: 28/28 MP: 3/3
  1040 | D:1      | Found Haymp's Armour Shop.
  1503 | D:2      | Reached XP level 4. HP: 35/35 MP: 4/4
  1508 | D:2      | Reached ** piety under Qazlal
  2153 | D:2      | Noticed Jessica
  2159 | D:2      | Killed Jessica
  2454 | D:3      | Reached skill level 1 in Staves
  2454 | D:3      | Reached XP level 5. HP: 38/40 MP: 5/5
  2582 | D:3      | Reached skill level 1 in Invocations
  2654 | D:3      | Found an ancient bone altar of Kikubaaqudgha.
  2654 | D:3      | Found a hide-covered altar of Uskayaw.
  2803 | D:3      | Identified the ring of Sif Muna's Whim {rPois Will- Str+3
                  | Dex+2 SInv}
  2934 | D:4      | Found a broken altar of Ashenzari.
  2987 | D:4      | Noticed an ogre
  2995 | D:4      | Found Ewobunuf's Magic Scroll Shop.
  3001 | D:4      | Killed an ogre
  3002 | D:4      | Reached skill level 1 in Dodging
  3094 | D:4      | Bought a scroll of revelation for 97 gold pieces
  3123 | D:4      | Found a glowing drain.
  3177 | Sewer    | Entered a sewer
  3182 | Sewer    | Reached XP level 6. HP: 48/48 MP: 7/7
  3301 | Sewer    | Reached *** piety under Qazlal
  3416 | Sewer    | Reached skill level 1 in Fire Magic
  3558 | Sewer    | Reached skill level 1 in Spellcasting
  3943 | D:4      | Gained mutation: You are agile. (Dex +4, Str/Int -1)
                  | [potion of mutation]
  3943 | D:4      | Gained mutation: You have a pair of small horns on your
                  | head. [potion of mutation]
  3943 | D:4      | Gained mutation: You are partially covered in iridescent
                  | scales. (AC +2) [potion of mutation]
  3971 | D:4      | Reached skill level 1 in Earth Magic
  4072 | D:4      | Found an ornate altar of the Wu Jian Council.
  4571 | D:5      | Entered Level 5 of the Dungeon
  4586 | D:4      | Learned a level 2 spell: Call Imp
  4606 | D:4      | Reached **** piety under Qazlal
  4607 | D:4      | Reached XP level 7. HP: 37/55 MP: 8/8
  4680 | D:5      | Identified the ring of the Quahog {rN++ Dex+6}
  4717 | D:5      | Found Biutux's Weapon Shop.
  4801 | D:5      | Found a radiant altar of Vehumet.
  4801 | D:5      | Found a burning altar of Makhleb.
  4818 | D:5      | Reached skill level 1 in Shields
  4901 | D:5      | Found a stormy altar of Qazlal.
  5388 | D:6      | Noticed Jeremiah
  5393 | D:6      | Noticed Sigmund
  5407 | D:6      | Killed Sigmund
  5417 | D:6      | Killed Jeremiah
  5418 | D:6      | Reached skill level 1 in Summonings
  5418 | D:6      | Reached skill level 5 in Evocations
  5418 | D:6      | Reached XP level 8. HP: 44/62 MP: 10/10
  5610 | D:6      | Noticed Grinder
  5623 | D:6      | Killed Grinder
  5624 | D:6      | Reached skill level 5 in Staves
  5767 | D:6      | Noticed a troll
  5771 | D:6      | Killed a troll
  5772 | D:6      | Reached skill level 5 in Armour
  5861 | D:6      | HP: 2/93 [vampire (4)]
  5862 | D:6      | Slain by a vampire

Illustrated notes

Levels and vault maps discovered:
D:1:      onia_arrival_handbag, layout_loops_corners, basic_ecumenical_altar,
          serial_shops, shop, nicolae_shop_tiny_statue_garden,
          nicolae_square_shop, corner_web_ring
D:2:      layout_basic, uniq_jessica
D:3:      layout_basic, gammafunk_temple_overflow_statue
D:4:      layout_cave_pods, overflow_temple_1_default,
          nicolae_ashenzari_skybound, gup_sewer_entry_glass, serial_shops,
          nicolae_shop_window_shopping, minmay_misc_feat_enclosed, st_stairs_3
D:5:      layout_rooms, grunt_temple_overflow_lords_of_destruction,
          nicolae_qazlal_general_emergency, serial_shops,
          nicolae_shop_bloodbath_and_beyond, roderic_lattice_a
D:6:      layout_basic, minmay_temple_entry_enclosed_plants, minmay_manual_moon,
          uniq_jeremiah, uniq_grinder, uniq_sigmund

Skill      XL: |  1  2  3  4  5  6  7  8 |
---------------+-------------------------+-----
Maces & Flails | 1 2 3 |  3.2
Evocations     | 4 5 |  5.3
Armour         | 3 4 5 |  5.0
Staves         | 1 2 4 5 |  5.6
Invocations    | 1 2 3 4 |  4.2
Dodging        | 1 |  1.7
Fighting       | 2 |  2.8
Fire Magic     | 1 2 3 |  3.3
Spellcasting   | 1 2 |  2.3
Earth Magic    | 1 2 |  2.7
Shields        | 1 |  1.6
Summonings     | 1 2 |  2.1
Stealth        | |  0.6

Action                     |  1- 3 |  4- 6 |  7- 9 || total
---------------------------+-------+-------+-------++-------
  Melee: Club              |    49 |       |       ||    49
         Flail             |    55 |    33 |       ||    88
         Staff             |       |   326 |   177 ||   503
         Headbutt          |       |     6 |    20 ||    26
  Evoke: Wand              |       |    11 |    17 ||    28
    Use: Potion            |     3 |     2 |     5 ||    10
         Scroll            |     2 |     9 |     3 ||    14
   Stab: Paralysed         |       |       |     6 ||     6
 Armour: Leather armour    |    37 |       |       ||    37
         Chain mail        |    50 |   364 |    99 ||   513
         Skin              |       |       |    70 ||    70
  Dodge: Dodged            |    53 |   175 |    53 ||   281
         Repelled          |       |       |     1 ||     1
  Block: Other             |     4 |    56 |    23 ||    83

Table legend: (Time is in decaauts)
 A = Elapsed time spent in this place.
 B = Non-inter-level travel time spent in this place.
 C = Inter-level travel time spent in this place.
 D = Time resting spent in this place.
 E = Time spent auto-exploring this place.
 F = Levels seen in this place.
 G = Mean time per level.
                   A        B        C        D        E       F      G
               +--------+--------+--------+--------+--------+-----+--------+
         Total |   6033 |   5755 |    278 |    887 |   2659 |   7 |  861.9 |
       Dungeon |   5233 |   4955 |    278 |    767 |   2659 |   6 |  872.2 |
         Sewer |    800 |    800 |      0 |    120 |      0 |   1 |  800.0 |
               +--------+--------+--------+--------+--------+-----+--------+

Top non-repeatable levels by time:
     D:1: 1354 daAuts
     D:4: 1080 daAuts
     D:2: 1040 daAuts
   Sewer: 800 daAuts
     D:5: 726 daAuts
     D:3: 578 daAuts
     D:6: 452 daAuts
